 Dungeon Crawl Stone Soup version 0.19.0-19-g8c6edcc (console) character file.

9937 sorlin the Grappler (level 11, -12/111 HPs)
             Began as a Troll Wanderer on Nov 13, 2016.
             Was an Initiate of Gozag.
             Mangled by a tyrant leech (27 damage)
             ... on level 4 of the Lair of Beasts.
             The game lasted 00:31:27 (9387 turns).

sorlin the Grappler (Troll Wanderer)                Turns: 9387, Time: 00:31:28

Health: -12/111    AC:  7    Str: 21    XL:     11   Next: 29%
Magic:  19/19      EV: 12    Int: 11    God:    Gozag
Gold:   377        SH:  0    Dex: 10    Spells: 0 memorised, 10 levels left

rFire  . . .     SeeInvis .       - Unarmed
rCold  . . .     Gourm    +     u - +2 robe {Archmagi}
rNeg   . . .     Faith    .     (no shield)
rPois  .         Spirit   .     (helmet restricted)
rElec  .         Reflect  .     (no cloak)
rCorr  .         Harm     .     (gloves unavailable)
MR     .....                    (boots unavailable)
Stlth  +.........               (no amulet)
                                t - ring of flight
                                J - ring of magical power

@: no status effects
A: unfitting armour, claws 3, fast metabolism 3, gourmand, regeneration 1,
shaggy fur 1, tough skin 2
a: Potion Petition, Call Merchant, Bribe Branch, Renounce Religion, Evoke Flight


You were on level 4 of the Lair of Beasts.
You worshipped Gozag.
Gozag was aware of your devotion.
You were not hungry.

You visited 2 branches of the dungeon, and saw 12 of its levels.

You collected 2450 gold pieces.
You spent 686 gold pieces at shops.
You paid 1387 gold pieces to Gozag.


Innate Abilities, Weirdness & Mutations

You are too large for most types of armour.
You have claws for hands.
Your metabolism is lightning-fast.
You like to eat raw meat.
Your natural rate of healing is unusually fast.
You are covered in fur. (AC +1)
You have very tough skin. (AC +2)


   Skills:
 - Level 8.1 Fighting
   Level 1.0 Bows
 - Level 1.0 Throwing
 + Level 6.6 Dodging
 - Level 1.0 Stealth
   Level 1.0 Shields
 + Level 12.9 Unarmed Combat


You had 10 spell levels left.
You didn't know any spells.

Inventory:

Missiles
 i - 39 poisoned needles
 m - 46 stones (quivered)
 B - 8 curare-tipped needles
 C - a throwing net
Armour
 u - a +2 robe of the Archmagi (worn)
   (You took it off Blork the orc on level 5 of the Dungeon)
Jewellery
 t - a ring of flight (right claw)
 J - a ring of magical power (left claw)
Wands
 a - a wand of polymorph (9/24)
 o - a wand of lightning (9/15)
 s - a wand of teleportation (2/9) {!d}
 w - a wand of iceblast (9/15)
 z - a wand of confusion (22/48)
 A - a wand of iceblast (7/15)
 F - a wand of paralysis (14/24)
 O - a wand of iceblast (7/15)
Scrolls
 c - 3 scrolls of enchant weapon
 e - 7 scrolls of teleportation {!r}
 g - 2 scrolls of fog {unknown}
 k - 3 scrolls of enchant armour {unknown}
 l - 2 scrolls of remove curse
 n - 3 scrolls of blinking {unknown}
 y - 2 scrolls of random uselessness {unknown}
 D - a scroll of vulnerability {unknown}
 E - a scroll of fear {unknown}
 G - 2 scrolls of amnesia {unknown}
 M - a scroll of acquirement {unknown}
 P - a scroll of magic mapping {unknown}
 Q - a scroll of holy word {unknown}
Potions
 b - a potion of haste {!q}
 d - a potion of magic {!q}
 h - 3 potions of brilliance {!q}
 j - a potion of ambrosia
 p - 5 potions of heal wounds {!q}
 q - 7 potions of agility {!q}
 r - a potion of curing
 x - a potion of berserk rage {unknown}
 H - a potion of cancellation {unknown}
 K - 2 potions of invisibility {unknown}
 L - 2 potions of might {unknown}
Books
 I - a book of Maledictions

   Spells                             Type                      Level
   a - Corona                         Hexes                        1
   b - Ensorcelled Hibernation        Hexes/Ice                    2
   c - Confuse                        Hexes                        3
   d - Tukima's Dance                 Hexes                        3
   e - Dazzling Spray                 Conjuration/Hexes            3
 N - a book of Debilitation

   Spells                             Type                      Level
   a - Corona                         Hexes                        1
   b - Slow                           Hexes                        2
   c - Gell's Gravitas                Hexes/Translocation          3
   d - Inner Flame                    Hexes/Fire                   3
   e - Cause Fear                     Hexes                        4
   f - Leda's Liquefaction            Hexes/Earth                  4
Comestibles
 f - 31 fruits
 v - 10 bread rations {!e}


Message History

You now have 377 gold pieces (gained 15).
m - 44 stones (gained 2)
m - 45 stones (gained 1)
You see here a stone.
There is a stone staircase leading up here.
You start resting.
HP restored.
The six-headed hydra is too close now for your liking.
There is a stone staircase leading up here.
m - 46 stones (gained 1)
Found 8 gold pieces.
The six-headed hydra is too close now for your liking.
You see here a scroll labeled UVENUASMEE.
Q - a scroll labeled UVENUASMEE You claw the bush!
The bush is moderately damaged.
The six-headed hydra bites you!
The six-headed hydra bites you. x2; The six-headed hydra bites you!
The six-headed hydra misses you. The six-headed hydra bites you.
You take 37 damage.
Found a leather armour.
Found a ring mail.
Found a scroll labeled REVYRUATORR.
You see here an arrow.
You see here an arrow.
Snorg the Insatiable comes into view.
You see here an arrow.
Evoke which item? (* to show all) (? for menu, Esc to quit)
Zapping:
s - a wand of teleportation (3/9) {!d} The six-headed hydra resists with almost no effort.
This wand has 2 charges left.
The tyrant leech bites you!
The tyrant leech draws strength from your injuries!
The six-headed hydra bites you! x2
* * * LOW HITPOINT WARNING * * *
The six-headed hydra closely misses you.
The six-headed hydra bites you.
* * * LOW HITPOINT WARNING * * *
The six-headed hydra bites you!
* * * LOW HITPOINT WARNING * * *
The six-headed hydra barely misses you.
You take 55 damage.
Snorg closely misses you. Snorg barely misses you. Snorg misses you.
Snorg bites you!
* * * LOW HITPOINT WARNING * * *
Snorg claws you.
* * * LOW HITPOINT WARNING * * *
Snorg claws you.
* * * LOW HITPOINT WARNING * * *
The tyrant leech bites you!!
You die...
Your body crumbles into a pile of gold.

...# #........♣ ♣♣.## #... ..##
##........ ♣.# #... ..P#
###........ ... #... ..P##
#......... ♣♣♣####...
....###........## ♣## #...#
...............P# ♣♣♣♣#.###....
..............P# ♣#..##.......#
........#......# #.#......##.##
...............######...########.
................#.##......# ##..
............#(D.@........## ##...
.......#.P..(#.wT.......#.###...#
......##P...(###....#.....##...#.
.....####....#####.(.##..###....#
....###.#.....## #...............
....# ##.......# #........♣.....♣
...(###........###.......+.......
....##......P...##.......#.#.....
......#..................###....#
.........................# #....#
..###........♣...........# ###...


You could see Snorg, a six-headed hydra and a tyrant leech.

Vanquished Creatures
  The ghost of jackrogers the Spear-Bearer, a novice CeGl of Hepliaklqana (D:6)
  4 black mambas
  A spiny frog (Lair:2)
  A rime drake (Lair:2)
  2 komodo dragons
  2 polar bears (Lair:1)
  A hornet (Lair:3)
  4 hippogriffs
  Sigmund (D:5)
  A wyvern (Lair:2)
  A basilisk (Lair:2)
  8 porcupines
  A water moccasin (Lair:3)
  3 ice beasts
  2 orc warriors
  7 black bears
  A phantom (D:8)
  2 ogres
  4 necrophages
  A centaur (Lair:4)
  8 wolves
  Blork the orc (D:5)
  A big kobold (D:3)
  6 bullfrogs
  5 scorpions
  2 crimson imps (D:8)
  A howler monkey (D:5)
  2 bullfrog skeletons (D:5)
  6 orc priests
  2 centaur skeletons
  4 hounds
  5 orc wizards
  An iguana (D:4)
  Natasha (thrice) (D:2)
  9 worker ants
  Ijyb (D:2)
  20 gnolls
  6 adders
  A shadow imp (D:6)
  2 adder skeletons
  3 worms
  2 dart slugs
  2 leopard geckos
  24 orcs
  10 giant cockroaches
  34 goblins
  23 hobgoblins
  10 jackals
  6 quokkas
  7 bats
  12 frilled lizards
  11 kobolds
  A quokka skeleton (D:7)
  12 rats
291 creatures vanquished.

Vanquished Creatures (others)
  5 fungi
  5 plants
10 creatures vanquished.

Grand Total: 301 creatures vanquished

Notes
Turn   | Place    | Note
-------+----------+-------------------------------------------
     0 | D:1      | sorlin the Troll Wanderer began the quest for the Orb.
     0 | D:1      | sorlin set off with: a +2 dagger, a potion of haste {!q}, a +0 spear, a +0 robe, 2 bread rations {!e}
     0 | D:1      | Reached XP level 1. HP: 19/19 MP: 0/0
    67 | D:1      | Reached XP level 2. HP: 27/27 MP: 1/1
   249 | D:1      | Reached skill level 4 in Unarmed Combat
   483 | D:2      | Reached XP level 3. HP: 25/33 MP: 2/2
   490 | D:2      | Found an opulent altar of Gozag.
   529 | D:2      | Became a worshipper of Gozag Ym Sagoz the Greedy
   681 | D:2      | Noticed Ijyb
   709 | D:2      | Noticed Natasha
   720 | D:2      | Killed Ijyb
   724 | D:2      | HP: 7/33 [shadow imp/nerve-wracking pain[Natasha] (9)]
   726 | D:2      | HP: 1/33 [Natasha (6)]
   729 | D:2      | Killed Natasha
   729 | D:2      | Reached skill level 5 in Unarmed Combat
   729 | D:2      | Reached XP level 4. HP: 28/41 MP: 3/3
  1020 | D:2      | Noticed Natasha
  1028 | D:2      | Killed Natasha
  1063 | D:2      | Noticed Natasha
  1069 | D:2      | Killed Natasha
  1069 | D:2      | Reached XP level 5. HP: 49/49 MP: 4/4
  1242 | D:2      | Reached skill level 2 in Fighting
  1371 | D:3      | Reached skill level 6 in Unarmed Combat
  1622 | D:3      | Reached XP level 6. HP: 59/59 MP: 5/5
  2112 | D:3      | Reached skill level 3 in Fighting
  2416 | D:3      | Reached XP level 7. HP: 52/68 MP: 6/6
  2474 | D:3      | HP: 20/68 [gnoll/spear (5)]
  2480 | D:3      | HP: 12/68 [gnoll/spear (3)]
  2482 | D:3      | Reached skill level 7 in Unarmed Combat
  2541 | D:3      | HP: 17/68 [orc priest/divine providence (15)]
  2543 | D:3      | HP: 7/68 [orc priest/divine providence (11)]
  2565 | D:3      | HP: 14/68 [orc/mace (6)]
  2674 | D:4      | HP: 20/68 [centaur skeleton/exploding inner flame[the player character] (45)]
  2674 | D:4      | Reached skill level 4 in Fighting
  2674 | D:4      | HP: 7/70 [cloud of flame (13)]
  2695 | D:3      | HP: 20/70 [giant cockroach (1)]
  2864 | D:4      | Found an iron altar of Okawaru.
  3043 | D:4      | Reached XP level 8. HP: 61/79 MP: 7/7
  3124 | D:4      | Found a staircase to the Ecumenical Temple.
  3263 | D:5      | Entered Level 5 of the Dungeon
  3263 | D:5      | Noticed Sigmund
  3267 | D:5      | Killed Sigmund
  3267 | D:5      | Reached skill level 5 in Fighting
  3267 | D:5      | Reached skill level 8 in Unarmed Combat
  3324 | D:5      | Noticed Blork the orc
  3386 | D:5      | Killed Blork the orc
  3386 | D:5      | Reached skill level 2 in Dodging
  3521 | D:5      | Noticed a hippogriff
  3542 | D:5      | Killed a hippogriff
  3547 | D:5      | Bought a meat ration for 60 gold pieces
  3547 | D:5      | Bought 4 fruits for 72 gold pieces
  3547 | D:5      | Bought a bread ration for 60 gold pieces
  3547 | D:5      | Bought a slice of pizza for 18 gold pieces
  3547 | D:5      | Bought a royal jelly for 24 gold pieces
  3547 | D:5      | Bought a bread ration for 60 gold pieces
  3547 | D:5      | Bought a beef jerky for 18 gold pieces
  3547 | D:5      | Bought 2 fruits for 36 gold pieces
  3547 | D:5      | Bought a meat ration for 60 gold pieces
  3547 | D:5      | Bought a bread ration for 60 gold pieces
  3547 | D:5      | Bought a bread ration for 60 gold pieces
  3655 | D:5      | Reached skill level 3 in Dodging
  3655 | D:5      | Reached skill level 9 in Unarmed Combat
  4163 | D:6      | Noticed jackrogers's ghost (novice CeGl)
  4176 | D:6      | Killed jackrogers's ghost
  4176 | D:6      | Reached skill level 4 in Dodging
  4176 | D:6      | Reached XP level 9. HP: 59/88 MP: 8/8
  4502 | D:6      | Reached skill level 10 in Unarmed Combat
  4636 | D:7      | Reached skill level 5 in Dodging
  5155 | D:7      | Found Ijedopot's Assorted Antiques.
  5162 | D:7      | Bought a coppery potion for 20 gold pieces
  5162 | D:7      | Bought a scroll labeled IWACVEATOTZ for 23 gold pieces
  5162 | D:7      | Bought a scroll labeled MUOHAO VEAXT for 23 gold pieces
  5162 | D:7      | Bought a tapered brass wand for 92 gold pieces
  5353 | D:8      | Found a staircase to the Lair.
  5354 | D:8      | Noticed a komodo dragon
  5420 | D:8      | Killed a komodo dragon
  5420 | D:8      | Reached skill level 6 in Fighting
  5706 | D:8      | Reached XP level 10. HP: 89/98 MP: 9/9
  6006 | Lair:1   | Entered Level 1 of the Lair of Beasts
  6016 | Lair:1   | Reached skill level 11 in Unarmed Combat
  6097 | Lair:1   | HP: 21/98 [polar bear (17)]
  6098 | Lair:1   | Reached skill level 7 in Fighting
  6132 | Lair:1   | HP: 27/100 [porcupine's spines (17)]
  6144 | Lair:1   | Noticed a seven-headed hydra
  6313 | Lair:2   | Noticed a black mamba
  6322 | Lair:2   | Killed a black mamba
  6450 | Lair:2   | Noticed a spiny frog
  6470 | Lair:2   | Killed a spiny frog
  6476 | Lair:2   | HP: 30/102 [poisoned by a spiny frog]
  6481 | Lair:2   | HP: 28/102 [poisoned by a spiny frog]
  6486 | Lair:2   | HP: 28/102 [poisoned by a spiny frog]
  6492 | Lair:2   | HP: 29/102 [poisoned by a spiny frog]
  6582 | Lair:2   | HP: 28/102 [wolf (8)]
  6582 | Lair:2   | HP: 12/102 [rime drake/flash freeze (16)]
  6585 | Lair:2   | Reached skill level 8 in Fighting
  6585 | Lair:2   | Reached skill level 12 in Unarmed Combat
  6634 | Lair:2   | HP: 29/104 [wolf (10)]
  6640 | Lair:2   | HP: 21/104 [wolf (7)]
  6645 | Lair:2   | HP: 11/104 [wolf (10)]
  6860 | Lair:2   | Noticed a black mamba
  6871 | Lair:2   | HP: 25/104 [black mamba (14)]
  6877 | Lair:2   | HP: 29/104 [black mamba (9)]
  6878 | Lair:2   | Killed a black mamba
  6882 | Lair:2   | HP: 25/104 [poisoned by a black mamba]
  6887 | Lair:2   | HP: 23/104 [poisoned by a black mamba]
  6892 | Lair:2   | HP: 23/104 [poisoned by a black mamba]
  6898 | Lair:2   | HP: 24/104 [poisoned by a black mamba]
  6904 | Lair:2   | HP: 26/104 [poisoned by a black mamba]
  6912 | Lair:2   | HP: 29/104 [poisoned by a black mamba]
  7017 | Lair:2   | Noticed a seven-headed hydra
  7260 | Lair:3   | Found a hole to the Spider Nest.
  7329 | Lair:3   | Paralysed by a hornet for 3 turns
  7335 | Lair:3   | Reached XP level 11. HP: 45/111 MP: 10/10
  7338 | Lair:3   | HP: 33/111 [poisoned by a hornet]
  7343 | Lair:3   | HP: 24/111 [poisoned by a hornet]
  7348 | Lair:3   | HP: 21/111 [poisoned by a hornet]
  7353 | Lair:3   | HP: 20/111 [poisoned by a hornet]
  7358 | Lair:3   | HP: 19/111 [poisoned by a hornet]
  7363 | Lair:3   | HP: 21/111 [poisoned by a hornet]
  7369 | Lair:3   | HP: 23/111 [poisoned by a hornet]
  7376 | Lair:3   | HP: 26/111 [poisoned by a hornet]
  7556 | Lair:3   | Reached skill level 6 in Dodging
  8856 | Lair:4   | Noticed a six-headed hydra
  8857 | Lair:4   | Noticed a five-headed hydra
  8870 | Lair:4   | Noticed a six-headed hydra
  9076 | Lair:4   | HP: 18/111 [black mamba (19)]
  9383 | Lair:4   | Noticed Snorg
  9387 | Lair:4   | HP: 25/111 [Snorg (11)]
  9387 | Lair:4   | Mangled by a tyrant leech

Vault maps used:
D:1:      saegor_arrival_miasma
D:2:      nicolae_gozag_cash_rules_everything_around_me, uniq_natasha, uniq_iyjb
D:3:      minmay_goblin_kobold_castle, first_bread, minmay_box_of_dots
D:4:      okawaru_gym_becter
D:5:      nrook_uturn, uniq_crazy_yiuf_cottage, uniq_sigmund, uniq_blork_the_orc
D:7:      serial_shops, shop, minmay_misc_feat_alley,
          hangedman_decor_peaks_small, grunt_ogre_cave
D:8:      david_lair_shrubbed
Lair:1:   beast_lair_carwin_large_4, guppyfry_lair_drakes
Lair:2:   eino_house_with_fridge, lemuel_fruit_tree
Lair:3:   nicolae_spider_entry_non_spiders, grunt_forest_large_clearings
Lair:4:   minmay_swamp_entry_worms, serial_bayou_pond_e,
          grunt_forest_large_clearing_hut, grunt_megastairs_5,
          bh_autumn_forest_stairs, uniq_snorg

Action                   |  1- 3 |  4- 6 |  7- 9 | 10-12 || total
-------------------------+-------+-------+-------+-------++-------
Melee: Unarmed           |   105 |   254 |   341 |   212 ||   912
       Dagger            |     4 |       |       |       ||     4
       Punch             |     1 |     1 |    16 |    12 ||    30
Throw: Stone             |       |       |       |    58 ||    58
       Throwing net      |       |       |       |     1 ||     1
Invok: Potion Petition   |     1 |       |       |     2 ||     3
       Call Merchant     |       |       |     1 |       ||     1
Evoke: Wand              |       |       |       |     2 ||     2
  Use: Scroll            |       |       |     8 |     5 ||    13
       Potion            |       |       |     1 |     5 ||     6
 Stab: Sleeping          |     1 |     3 |     3 |     1 ||     8
       Distracted        |       |       |     1 |       ||     1
  Eat: Chunk             |    10 |       |       |       ||    10
       Bread ration      |       |     1 |     3 |     3 ||     7
       Meat ration       |       |     1 |     1 |     3 ||     5
       Royal jelly       |       |       |     1 |       ||     1
       Beef jerky        |       |       |     6 |     3 ||     9
       Pizza             |       |       |     1 |     1 ||     2
Armor: Robe              |    40 |    68 |    81 |    65 ||   254
Dodge: Dodged            |    59 |   126 |   142 |   140 ||   467
